 Dungeon Crawl Stone Soup version 0.30-a0-165-g1891117ce2 (webtiles) character file.

Game seed: 405874579557504048

837 qw the Chopper (level 7, -2/44 HPs)
             Began as a Gargoyle Fighter on Sept 28, 2022.
             Slain by a gnoll
             ... wielding a +0 halberd
              (6 damage)
             ... on level 4 of the Dungeon.
             The game lasted 00:01:31 (3712 turns).

qw the Chopper (Gargoyle Fighter)                   Turns: 3712, Time: 00:01:31

Health: -2/44      AC: 16    Str: 21    XL:     7   Next: 99%
Magic:  7/7        EV:  7    Int:  9    God:
Gold:   233        SH:  5    Dex: 15    Spells: 6/6 levels left

rFire   . . .      SeeInvis .    Y - +2 war axe
rCold   . . .      Faith    .    c - +0 buckler
rNeg    + . .      Spirit   .    k - +0 chain mail
rPois   inf        Reflect  .    (no helmet)
rElec   +          Harm     .    (no cloak)
rCorr   .          Rampage  .    g - +0 pair of gloves
Will    .....                    j - +0 pair of boots
Stlth   ..........               (no amulet)
HPRegen 0.14/turn                f - +6 ring of dexterity
MPRegen 0.10/turn                (no ring)

@: no status effects
A: sickness immunity, AC +4, negative energy resistance 1, electricity
resistance, torment resistance 1, petrification resistance
a: no special abilities


You were on level 4 of the Dungeon.
You visited 1 branch of the dungeon, and saw 4 of its levels.

You collected 233 gold pieces.


Innate Abilities, Weirdness & Mutations

You are immune to sickness and miasma.
Your stone body is resilient. (AC +4)
You are immune to poison.
You resist negative energy. (rN+)
You are resistant to electric shocks. (rElec)
You are resistant to unholy torment.
You are immune to petrification.


   Skills:
 - Level 5.2 Fighting
 - Level 7.0 Axes
 + Level 3.8 Armour
 - Level 1.0 Dodging
 - Level 3.2 Shields


You had 6 spell levels left.
You didn't know any spells.
Your spell library was empty.

Inventory:

Hand Weapons
 h - a +0 mace
 Y - a +2 war axe (weapon)
Armour
 c - a +0 buckler (worn)
 g - a +0 pair of gloves (worn)
 j - a +0 pair of boots (worn)
 k - a +0 chain mail (worn)
 n - the +0 cloak of the Wilderness {Rampage Int+2}
   (You found it on level 4 of the Dungeon)

   Int:       It affects your intelligence (+2).
   Rampage:   It bestows one free step when moving towards enemies.
 o - a +0 helmet
Jewellery
 f - a +6 ring of dexterity (left hand)
Scrolls
 b - a scroll of identify
 m - a scroll of immolation {unknown}
Potions
 a - 2 potions of lignification
 d - 2 potions of might
 e - a potion of haste
 i - a potion of resistance
 l - a potion of flight {unknown}

Dungeon Overview and Level Annotations

Branches:
Dungeon (4/15)
 Temple: D:4-7

Altars:
Cheibriados
Makhleb
Yredelemnul

Annotations:
D:3 1 runed translucent door, Crazy Yiuf


Message History

You block the hobgoblin's attack. You block the gnoll's attack.
The gnoll hits you but does no damage.
You hit the gnoll.
You kill the gnoll!
You hit the gnoll but do no damage. You closely miss the hobgoblin.
You block the hobgoblin's attack. You block the gnoll's attack.
The gnoll hits you from afar with a +0 halberd.
You closely miss the gnoll.
The gnoll is almost dead.
You barely miss the hobgoblin. You closely miss the gnoll.
You block the hobgoblin's attack.
The gnoll hits you from afar with a +0 halberd.
The gnoll hits you but does no damage. The gnoll hits you with a +0 flail.
You hit the gnoll but do no damage.
The gnoll is almost dead.
You barely miss the hobgoblin. You hit the gnoll.
The hobgoblin hits you but does no damage.
You block the gnoll's attack.
The gnoll hits you from afar with a +0 halberd.
The gnoll barely misses you.
You completely miss the gnoll.
The gnoll is almost dead.
You hit the hobgoblin.
You kill the hobgoblin!
You barely miss the gnoll. The gnoll barely misses you.
You block the gnoll's attack.
The gnoll hits you but does no damage. x3; You block the gnoll's attack.
You slash the gnoll!
You kill the gnoll!
You hit the gnoll. The gnoll hits you but does no damage.
The gnoll barely misses you.
You closely miss the gnoll.
The gnoll is heavily wounded.
The gnoll hits you but does no damage.
The gnoll hits you from afar with a +0 halberd!
You closely miss the gnoll.
The gnoll is heavily wounded.
The gnoll hits you but does no damage.
The gnoll hits you from afar with a +0 halberd.
You die...

#>. ..# .#...
#.# ..#
#..##.### ..#
#.......# ##
...###.###.#..
. ####.....
#.###
#.#[.......
#.###
#.#g)g.....
#....
#..@%......
####.
###.####### #.
#...# #. ###.#
## #.#########
#.........####
########.....#
#..<.......#
#...#......#


You could see 2 gnolls.

Vanquished Creatures
  Eustachio (D:4)
  Duvessa (D:4)
  A necrophage (D:4)
  3 scorpions
  Dowan (D:4)
  A hound (D:4)
  An iguana (D:4)
  Terence (D:3)
  Robin (D:4)
  2 gnolls (D:4)
  11 adders
  A worm (D:2)
  2 dart slugs
  4 orcs (D:3)
  12 ball pythons
  13 endoplasms
  3 giant cockroaches
  13 goblins
  10 hobgoblins
  6 jackals
  2 quokkas (D:1)
  4 bats
  5 frilled lizards
  2 kobolds
  7 rats
108 creatures vanquished.

Notes
Turn   | Place    | Note
-------+----------+-------------------------------------------
     0 | D:1      | qw the Gargoyle Fighter began the quest for the Orb.
     0 | D:1      | Reached XP level 1. HP: 14/14 MP: 1/1
     0 | D:1      | 0 ||| qw: Version: 0.2-a-12-gaebbb33
     0 | D:1      | 0 ||| qw: Game counter: 872
     0 | D:1      | 0 ||| qw: Always use a shield: true
     0 | D:1      | 0 ||| qw: God list: Okawaru
     0 | D:1      | 0 ||| qw: Allow faded altars: false
     0 | D:1      | 0 ||| qw: Do Orc after D:15 true
     0 | D:1      | 0 ||| qw: Do second Lair branch before Depths: true
     0 | D:1      | 0 ||| qw: Lair rune preference: random
     0 | D:1      | 0 ||| qw: Plans: Normal, Zot:1-4, God:TSO, Crypt, Tomb,
                  | Pan, Slime:5, Hells, Abyss, Orb
     0 | D:1      | 0 ||| PLANNING D:1-11
    38 | D:1      | Reached skill level 2 in Axes
    75 | D:1      | Reached XP level 2. HP: 19/19 MP: 2/2
   228 | D:1      | 228 ||| Stepping ~*~*~tactically~*~*~ (stealth).
   229 | D:1      | 229 ||| Stepping ~*~*~tactically~*~*~ (stealth).
   395 | D:1      | You fall into a shaft and drop 1 floor!
   397 | D:2      | 397 ||| UPGRADING to +0 pair of boots.
   402 | D:2      | 402 ||| UPGRADING to +0 chain mail.
   412 | D:2      | 412 ||| DROPPING +0 scale mail.
   413 | D:2      | 413 ||| READING scroll labelled RAPSAYW OVEUTU.
   414 | D:2      | 414 ||| READING scroll labelled TEGEDGHEKLE.
   418 | D:2      | 418 ||| READING scroll labelled VIENON KYUST.
   419 | D:2      | 419 ||| READING scroll labelled BYPESK WIGGOSCH.
   430 | D:2      | Reached skill level 3 in Axes
   432 | D:2      | Reached XP level 3. HP: 18/23 MP: 3/3
   508 | D:2      | 508 ||| Stepping ~*~*~tactically~*~*~ (stealth).
   567 | D:2      | 567 ||| Stepping ~*~*~tactically~*~*~ (stealth).
   568 | D:2      | 568 ||| Stepping ~*~*~tactically~*~*~ (stealth).
   570 | D:2      | 570 ||| FLEEEEING.
   571 | D:2      | 571 ||| FLEEEEING.
   572 | D:2      | 572 ||| FLEEEEING.
   573 | D:2      | 573 ||| FLEEEEING.
   574 | D:2      | 574 ||| FLEEEEING.
   575 | D:2      | 575 ||| FLEEEEING.
   576 | D:2      | 576 ||| FLEEEEING.
   577 | D:2      | 577 ||| FLEEEEING.
   578 | D:2      | 578 ||| FLEEEEING.
   579 | D:2      | 579 ||| FLEEEEING.
   580 | D:2      | 580 ||| FLEEEEING.
   581 | D:2      | 581 ||| FLEEEEING.
   582 | D:2      | 582 ||| FLEEEEING.
   583 | D:2      | 583 ||| FLEEEEING.
   587 | D:2      | 587 ||| FLEEEEING.
   588 | D:2      | 588 ||| FLEEEEING.
   589 | D:2      | 589 ||| FLEEEEING.
   590 | D:2      | 590 ||| FLEEEEING.
   591 | D:2      | 591 ||| FLEEEEING.
   592 | D:2      | 592 ||| FLEEEEING.
   593 | D:2      | 593 ||| FLEEEEING.
   594 | D:2      | 594 ||| FLEEEEING.
   595 | D:2      | 595 ||| FLEEEEING.
   596 | D:2      | 596 ||| FLEEEEING.
   596 | D:2      | Noticed a scorpion
   608 | D:2      | Killed a scorpion
   609 | D:2      | Reached skill level 4 in Axes
   609 | D:2      | Reached XP level 4. HP: 25/28 MP: 4/4
   626 | D:2      | 626 ||| FLEEEEING.
   627 | D:2      | 627 ||| FLEEEEING.
   628 | D:2      | 628 ||| FLEEEEING.
   630 | D:2      | 630 ||| STAIRDANCE
   897 | D:1      | Found a faded altar of an unknown god.
   897 | D:1      | Noticed a green death
   900 | D:1      | 900 ||| DROPPING ring of flight.
   903 | D:1      | 903 ||| READING 3 scrolls labelled QUETZO YTAUST.
   904 | D:1      | 904 ||| DRINKING 2 fuming puce potions.
   941 | D:1      | 941 ||| DRINKING 3 bubbling emerald potions.
  1042 | D:1      | 1042 ||| READING 2 scrolls of identify.
  1042 | D:1      | 1042 ||| IDENTIFYING smoky dark potion
  1043 | D:1      | 1043 ||| DROPPING potion of degeneration.
  1044 | D:1      | 1044 ||| DROPPING 2 potions of ambrosia.
  1115 | D:2      | 1115 ||| Stepping ~*~*~tactically~*~*~ (stealth).
  1196 | D:2      | Reached XP level 5. HP: 32/32 MP: 5/5
  1317 | D:2      | 1317 ||| Stepping ~*~*~tactically~*~*~ (hiding).
  1728 | D:2      | Reached skill level 5 in Axes
  1791 | D:2      | 1791 ||| READING scroll of enchant weapon.
  1791 | D:2      | 1791 ||| ENCHANTING +1 war axe.
  1848 | D:2      | 1848 ||| Stepping ~*~*~tactically~*~*~ (stealth).
  1936 | D:2      | 1936 ||| UPGRADING to +6 ring of dexterity.
  1937 | D:2      | 1937 ||| READING scroll labelled SUMNOWEPHIN.
  2172 | D:3      | Reached skill level 1 in Dodging
  2174 | D:3      | Reached XP level 6. HP: 35/38 MP: 6/6
  2199 | D:3      | 2199 ||| DROPPING +0 club.
  2250 | D:3      | 2250 ||| Stepping ~*~*~tactically~*~*~ (stealth).
  2251 | D:3      | 2251 ||| Stepping ~*~*~tactically~*~*~ (stealth).
  2274 | D:3      | Found a runed translucent door.
  2275 | D:3      | Noticed Crazy Yiuf
  2322 | D:3      | Noticed Terence
  2331 | D:3      | Killed Terence
  2457 | D:3      | Found a basalt altar of Yredelemnul.
  2461 | D:3      | Found a burning altar of Makhleb.
  2511 | D:3      | Found a snail-covered altar of Cheibriados.
  2827 | D:3      | 2827 ||| UPGRADING to +0 pair of gloves.
  2832 | D:3      | 2832 ||| READING 3 scrolls of identify.
  2832 | D:3      | 2832 ||| IDENTIFYING fizzy clear potion
  2833 | D:3      | 2833 ||| READING 2 scrolls of identify.
  2833 | D:3      | 2833 ||| IDENTIFYING viscous inky potion
  3115 | D:4      | Reached skill level 6 in Axes
  3115 | D:4      | Reached XP level 7. HP: 31/43 MP: 7/7
  3259 | D:4      | Noticed Eustachio
  3260 | D:4      | 3260 ||| Stepping ~*~*~tactically~*~*~ (stealth).
  3261 | D:4      | 3261 ||| Stepping ~*~*~tactically~*~*~ (stealth).
  3265 | D:4      | 3265 ||| Stepping ~*~*~tactically~*~*~ (stealth).
  3285 | D:4      | Killed Eustachio
  3286 | D:4      | Reached skill level 7 in Axes
  3446 | D:4      | Noticed Duvessa
  3446 | D:4      | Noticed Dowan
  3458 | D:4      | Killed Duvessa
  3460 | D:4      | Killed Dowan
  3512 | D:4      | 3512 ||| Stepping ~*~*~tactically~*~*~ (stealth).
  3586 | D:4      | 3586 ||| Stepping ~*~*~tactically~*~*~ (stealth).
  3592 | D:4      | 3592 ||| Stepping ~*~*~tactically~*~*~ (stealth).
  3593 | D:4      | 3593 ||| Stepping ~*~*~tactically~*~*~ (stealth).
  3594 | D:4      | 3594 ||| Stepping ~*~*~tactically~*~*~ (stealth).
  3604 | D:4      | 3604 ||| Stepping ~*~*~tactically~*~*~ (stealth).
  3629 | D:4      | Identified the +0 cloak of the Wilderness {Rampage Int+2}
  3649 | D:4      | Noticed Robin
  3656 | D:4      | Killed Robin
  3696 | D:4      | 3696 ||| Stepping ~*~*~tactically~*~*~ (hiding).
  3711 | D:4      | HP: 4/44 [gnoll/+0 halberd (12)]
  3712 | D:4      | Slain by a gnoll

Levels and vault maps discovered:
D:1:      erik_arrival_blinker_ship, layout_rooms,
          dreamdust_ecumenical_altar_sealed_demon
D:2:      layout_loops_cross, hangedman_abyss_or_decor_stabs,
          dreamdust_princess_bridge, st_stairs_13,
          hangedman_decor_clover_reticule, minmay_misc_feat_chi,
          roderic_roman_lattice, minmay_snake_closets
D:3:      layout_rooms, nicolae_overflow_hidden_temple, chei_slow_surprise,
          serial_corexii_hall, chequers_hall_statues_corner_a,
          chequers_hall_statues_corner_a, corexii_hall_statues_i,
          chequers_hall_statues_corner_a, chequers_hall_statues_wall_a,
          corexii_hall_statues_l, uniq_terence, uniq_crazy_yiuf_cottage
D:4:      layout_basic, uniq_robin, uniq_duvessa, uniq_eustachio

Skill      XL: |  1  2  3  4  5  6  7 |
---------------+----------------------+-----
Axes           | 2 3 4 5 6 7 |  7.0
Dodging        | 1 |  1.0
Fighting       | 4 5 |  5.2
Armour         | |  3.8
Shields        | |  3.2

Action                   |  1- 3 |  4- 6 |  7- 9 || total
-------------------------+-------+-------+-------++-------
Melee: War axe           |    68 |   174 |    62 ||   304
  Use: Scroll            |     4 |     6 |       ||    10
       Potion            |       |     2 |       ||     2
Armor: Scale mail        |    20 |       |       ||    20
       Chain mail        |    35 |    99 |    41 ||   175
Dodge: Dodged            |    33 |    44 |    26 ||   103
Block: Buckler           |    21 |    31 |    22 ||    74

Table legend:
 A = Non-vault XP
 B = Vault XP
 C = Vault XP percentage of total XP
 D = Non-vault monster count
 E = Vault monster count
 F = Vault count percentage of total count
                 A         B        C        D         E       F
            +---------+---------+-------+---------+---------+-------
      Total |     630 |     566 |  47.3 |      81 |      27 |  25.0
            +---------+---------+-------+---------+---------+-------
        D:1 |      43 |       0 |   0.0 |      27 |       0 |   0.0
        D:2 |     142 |      91 |  39.1 |      22 |      12 |  35.3
        D:3 |      59 |      32 |  35.2 |      18 |       1 |   5.3
        D:4 |     386 |     443 |  53.4 |      14 |      14 |  50.0
            +---------+---------+-------+---------+---------+-------
